Map: Eastwatch LE

Players

llllllllllll

  • Race: Protoss Protoss
  • Spawn Location: 1:00

OnlySentries - Winner!

  • Race: Protoss Protoss
  • League: Diamond
  • Spawn Location: 7:00

VOD

Have the link to the VOD?

Description

Time

  • Played on: April 27, 2018, 10:20 p.m.
  • Length: 6:35
Show
View Real Time Build Order
Export as new Build Order

llllllllllll Protoss 

Build Orders:  

Get SALT Encoding   

  12  0:01  Probe  
  13  0:13  Probe  
  14  0:17  Pylon  
  14  0:25  Probe  
  15  0:36  Gateway  
  15  0:38  Probe  
  16  0:44  Assimilator  
  16  0:50  Probe  
  17  0:58  Assimilator  
  17  1:02  Probe  
  18  1:14  Gateway  
  18  1:17  Probe  
  19  1:23  Cybernetics Core  
  19  1:29  Pylon  
  19  1:36  Zealot  
  19  1:39  Probe  
  22  1:49  Warp Gate  
  22  1:51  Probe  
  22  1:53  Stalker x2  
  27  2:12  Probe  
  28  2:23  Stalker  
  28  2:24  Probe  
  31  2:32  Pylon  
  31  2:43  Probe  
  31  2:58  Gateway  
  31  3:01  Gateway  
  29  3:20  Pylon  
  25  3:44  Gateway  
  25  3:49  Probe  
  25  3:52  Pylon  
  26  3:58  Sentry  
  26  3:59  Sentry x3  
  34  4:17  Pylon  
  34  4:21  Pylon  
  34  4:22  Stalker  
  34  4:23  Stalker x3  
  42  4:46  Stalker  
  42  4:47  Stalker x2  
  48  5:13  Stalker x3  
  34  5:31  Stalker x2  
Show
View Real Time Build Order
Export as new Build Order

OnlySentries Protoss - Winner!

Build Orders: Oracle Opening 

Get SALT Encoding   

  12  0:01  Probe  
  13  0:13  Probe  
  14  0:19  Pylon  
  14  0:25  Probe  
  15  0:37  Probe  
  15  0:40  Gateway  
  16  0:46  Probe, Assimilator  
  17  0:54  Probe  
  17  1:00  Assimilator  
  18  1:17  Probe  
  19  1:29  Probe  
  20  1:35  Gateway  
  20  1:37  Cybernetics Core  
  20  1:41  Probe  
  21  1:47  Pylon  
  21  1:53  Probe  
  22  2:13  Warp Gate  
  22  2:14  Adept x2  
  26  2:36  Pylon  
  26  2:39  Stalker  
  26  2:40  Stalker  
  30  2:50  Stargate  
  28  3:28  Oracle  
  28  3:34  Nexus  
  31  3:58  Shield Battery  
  31  4:05  Oracle  
  34  4:12  Probe  
  35  4:34  Stalker  
  35  4:35  Shield Battery  
  37  4:42  Phoenix  
  39  4:49  Stalker  
  41  5:05  Stalker  
  43  5:07  Phoenix  
  43  5:13  Sentry  
Tags
 
League
Diamond
Matchup
PvP
Spawn Locations
Cross Positions
Add a new tag
Caveats
  • Supply blocks, unpowered buildings, or Contaminate may cause inaccurate times.
  • Supply counts are checked every 10 seconds.